[Event "*** SCC Grand Prix: Titled Tuesday Blitz"]
[Site "Chess.com"]
[Date "2020.07.14"]
[Round "9"]
[White "The_Machine04"]
[Black "Djager97"]
[Result "0-1"]
[WhiteElo "2296"]
[BlackElo "2456"]
[TimeControl "180+1"]
[EndTime "11:46:56 PDT"]
[Termination "Djager97 won on time"]

1. d4 Nf6 2. Bg5 Ne4 3. Bf4 d5 4. e3 g6 5. Bd3 Bg7 6. Bxe4 dxe4 7. Nc3 b6 8. Nxe4 Bb7 9. f3 Bxe4 10. fxe4 e5 11.
Bxe5 Bxe5 12. dxe5 Qh4+ 13. g3 Qxe4 14. Qf3 Qb4+ 15.
Kf2 c6 16. Rd1 Qxb2 17. Ne2 Qxe5 18. Nd4 O-O 19. h4 a5 20. h5 Ra7 21. Qg4 Re7 22. Rd3 c5 23. Nf3 Qf6 24. Qc4 Nc6 25.
hxg6 Qxf3+ 26. Kxf3 Ne5+ 27. Ke2 Nxc4 28. gxh7+ Kg7 29.
Rh4 Ne5 30. Rd6 Re6 31. Rd5 Rh8 32. Rh5 Ng6 33. Kf3 Rxh7 34. Rxh7+ Kxh7 35. e4 Kg7 36. c4 Ne5+ 37. Kf4 Nxc4 0-1

[Event "*** SCC Grand Prix: Titled Tuesday Blitz"]
[Site "Chess.com"]
[Date "2020.07.14"]
[Round "9"]
[White "KaspMagAlpha"]
[Black "dopolian"]
[Result "0-1"]
[WhiteElo "2272"]
[BlackElo "2445"]
[TimeControl "180+1"]
[EndTime "11:46:56 PDT"]
[Termination "dopolian won on time"]

1. d4 Nf6 2. c4 e6 3. g3 c5 4. d5 exd5 5. cxd5 d6 6. Nc3 g6 7. Bg2 Bg7 8. Nf3 O-O 9. O-O a6 10. a4 Re8 11. Nd2 Nbd7 12. e4 Ne5 13. h3 Rb8 14. a5 Nd3 15. Qc2 Nxc1 16. Qxc1 Bd7 17.
Nc4 Bb5 18. Nxb5 axb5 19. Nd2 Nd7 20. Qc2 c4 21. Ra2 Nc5 22. b3 c3 23. b4 Nd7 24. Nf3 Rc8 25. Rd1 Rc4 26. Bf1 Rxb4 27. Rb1 Rexe4 28. Rxb4 Rxb4 29. Qc1 Nc5 30. Kg2 Rb2 31.
Rxb2 cxb2 32. Qb1 Qxa5 33. h4 Qb4 34. Nd2 Qxd2 35. Bxb5 Qxd5+ 0-1

[Event "*** SCC Grand Prix: Titled Tuesday Blitz"]
[Site "Chess.com"]
[Date "2020.07.14"]
[Round "9"]
[White "kidagent"]
[Black "AurumO"]
[Result "1-0"]
[WhiteElo "2223"]
[BlackElo "1991"]
[TimeControl "180+1"]
[EndTime "11:46:56 PDT"]
[Termination "kidagent won on time"]

1. e4 c5 2. Nf3 Nc6 3. d4 cxd4 4. Nxd4 g6 5. Nc3 Bg7 6. Be3 Nf6 7. Be2 O-O 8. Nb3 d6 9. O-O a6 10. f4 Qc7 11. h3 Be6 12. Nd5 Bxd5 13. exd5 Na5 14.
Nxa5 Qxa5 15. c4 b5 16. cxb5 axb5 17. a3 b4 18. Bf3 Nd7 19. Qd2 bxa3 20. Qxa5 Rxa5 21.
Rxa3 Rxa3 22. bxa3 Ra8 23. Bc1 Nc5 24. Be2 h5 25. Rf3 Bd4+ 26. Kf1 Ne4 27. Rd3 Bc5 28. Bf3 Ng3+ 29. Ke1 h4 30. Kd2 Ra4 31. Kc2 Rc4+ 32. Kb2 Nf5 33. Bd2 Nd4 34. Bd1 Nb5 35. a4 Nc7 36. a5 Bd4+ 37. Kb3 1-0

[Event "*** SCC Grand Prix: Titled Tuesday Blitz"]
[Site "Chess.com"]
[Date "2020.07.14"]
[Round "9"]
[White "Oleksandr_Bortnyk"]
[Black "Parhamov"]
[Result "0-1"]
[WhiteElo "2936"]
[BlackElo "3024"]
[TimeControl "180+1"]
[EndTime "11:46:57 PDT"]
[Termination "Parhamov won by resignation"]

1. e4 e5 2. Nf3 Nc6 3. Bc4 Bc5 4. c3 Nf6 5. d4 exd4 6. cxd4 Bb4+ 7. Nbd2 d5 8. exd5 Nxd5 9. O-O O-O 10. Qc2 Bg4 11. Bd3 Bxd2 12. Nxd2 Nxd4 13. Qc5 Nf4 14. Be4 Re8 15. f3 Bh5 16. Nb3 Nde2+ 17. Kh1 Nd3 18.
Bxd3 Qxd3 19. Bd2 Bg6 20. Qxc7 b6 21. Rad1 Qc2 22. Qxc2 Bxc2 23. Rde1 Rad8 24. Bg5 f6 25.
Bh4 Bxb3 26. axb3 Nd4 27. Ra1 a5 28. b4 Nc2 29. Rad1 Nxb4 30. h3 a4 31. Bf2 b5 32.
Bb6 Rd5 33. Ba5 Nd3 34. Kh2 Re2 35. Bc3 b4 36. Rxd3 Rxd3 37. Bxb4 Rxb2 38. Bc5 a3 39. Ra1 a2 40. Kg3 Rdd2 41. Kf4 Rb1 42. Rxa2 0-1

[Event "*** SCC Grand Prix: Titled Tuesday Blitz"]
[Site "Chess.com"]
[Date "2020.07.14"]
[Round "9"]
[White "blitzking1729"]
[Black "Harsha_Bharathakoti"]
[Result "0-1"]
[WhiteElo "2590"]
[BlackElo "2782"]
[TimeControl "180+1"]
[EndTime "11:46:57 PDT"]
[Termination "Harsha_Bharathakoti won by checkmate"]

1. d4 f5 2. Bg5 g6 3. Nc3 Nf6 4. h4 d6 5. h5 Bg7 6. e4 fxe4 7. h6 Bf8 8. d5 c6 9. Bxf6 exf6 10.
Nxe4 f5 11. Nc3 Be7 12. Bc4 c5 13. Bb5+ Nd7 14. Nh3 a6 15. Be2 Bg5 16. Nxg5 Qxg5 17. Qd2 Qxd2+ 18. Kxd2 b5 19. Rae1 Kf7 20. a4 b4 21. Nd1 Nb6 22. a5 Nd7 23. Ne3 Nf6 24. Nc4 Rd8 25. Nb6 Ra7 26. Bc4 Nd7 27. Nxd7 Raxd7 28. Re3 Re7 29. f4 Rxe3 30. Kxe3 Re8+ 31. Kf3 Kf6 32. b3 Re4 33. Rd1 Bb7 34. g3 g5 35.
fxg5+ Kxg5 36. Rh1 Re5 37. Kf2 Bxd5 38. Rd1 Bxc4 39. bxc4 Re6 40. Rd5 Rxh6 41. Kf3 Re6 42. g4 Re5 43. Rxd6 fxg4+ 44. Kf2 Re4 45. Rxa6 Rxc4 46.
Ra8 Rxc2+ 47. Kg1 b3 48. Rg8+ Kh4 49. Rg7 b2 50. Rxh7+ Kg3 51. Rb7 Rc1# 0-1

[Event "*** SCC Grand Prix: Titled Tuesday Blitz"]
[Site "Chess.com"]
[Date "2020.07.14"]
[Round "9"]
[White "GregShahade"]
[Black "pedromartinez91"]
[Result "1-0"]
[WhiteElo "2728"]
[BlackElo "2545"]
[TimeControl "180+1"]
[EndTime "11:46:59 PDT"]
[Termination "GregShahade won by resignation"]

1. e4 e6 2. d4 d5 3. Nd2 Nf6 4.
e5 Ne4 5. Bd3 Nxd2 6. Bxd2 c5 7.
dxc5 Nd7 8. Nf3 Nxc5 9. O-O Nxd3 10. cxd3 Bd7 11. Rc1 Be7 12. Nd4 O-O 13. Qb3 b5 14. Bb4 a5 15. Bxe7 Qxe7 16. Rc7 Rfc8 17. Rfc1 Qg5 18.
Qc2 h6 19. Nf3 Qf4 20. Qd2 Qxd2 21. Nxd2 Rxc7 22. Rxc7 Be8 23. Nb3 b4 24. Nd4 Kh7 25. f4 g5 26. g3 Kg6 27. Kf2 Ba4 28. Ke3 Bd1 29. h3 a4 30. Rc1 gxf4+ 31. Kxf4 b3 32. Rxd1 a3 33. axb3 axb2 34. Rb1 Ra2 35. b4 h5 36. b5 f6 37. b6 Ra4 38. Rxb2 Rxd4+ 39. Ke3 Rb4 40. Rxb4 1-0

[Event "*** SCC Grand Prix: Titled Tuesday Blitz"]
[Site "Chess.com"]
[Date "2020.07.14"]
[Round "9"]
[White "Kavyev_Ruslan"]
[Black "Speshka"]
[Result "0-1"]
[WhiteElo "2443"]
[BlackElo "2220"]
[TimeControl "180+1"]
[EndTime "11:46:59 PDT"]
[Termination "Speshka won by resignation"]

1. d4 f5 2. c4 Nf6 3. Nf3 g6 4. e3 Bg7 5. b4 O-O 6. Bb2 d6 7. Nbd2 Qe8 8. Qb3 c6 9. Be2 Nbd7 10.
O-O Kh8 11. Rfd1 e5 12. dxe5 dxe5 13. c5 e4 14. Nd4 Ne5 15. a4 Bd7 16. b5 Qe7 17.
Nc4 Qxc5 18. Ba3 Qd5 19. Nxf5 Qf7 20. Nxe5 Qxb3 21. Nxg7 Kxg7 22. Bxf8+ Rxf8 23. Bc4 Qc3 24. Nxd7 Nxd7 25. Rac1 Qb2 26. Rxd7+ Kh6 27. Rf1 Qc3 28. Rd4 cxb5 29. axb5 Rc8 30. Bd5 Rc5 31. Bxb7 Rxb5 32. Bxe4 a5 33. h4 Rb4 34. Rfd1 a4 35. Rxb4 Qxb4 36.
Bd5 Qb2 37. Bg8 Qb5 38. Rc1 Kg7 39. Ba2 Qb2 40. Rc7+ Kf6 41. Bg8 Qa1+ 42. Kh2 Qe5+ 0-1

[Event "*** SCC Grand Prix: Titled Tuesday Blitz"]
[Site "Chess.com"]
[Date "2020.07.14"]
[Round "9"]
[White "Nf3c5"]
[Black "abykhovsky"]
[Result "0-1"]
[WhiteElo "2539"]
[BlackElo "2725"]
[TimeControl "180+1"]
[EndTime "11:47:00 PDT"]
[Termination "abykhovsky won on time"]

1. e4 c5 2. b3 Nf6 3. e5 Nd5 4. Bb2 Nc6 5. Qf3 Ndb4 6. Na3 d5 7. exd6 Qxd6 8. c3 Ne5 9. Qe3 Nbd3+ 10. Bxd3 Nxd3+ 11. Kd1 Nxb2+ 12. Kc2 Na4 13. bxa4 Bf5+ 14. d3 O-O-O 15.
Rd1 e6 16. Nf3 Qa6 17. Qf4 Rxd3 18. Kb2 Bd6 19. Qc4 Qxc4 20. Nxc4 Bc7 21. Rxd3 Bxd3 22. Nce5 Bxe5 23. Nxe5 Bg6 24. h4 f6 25. h5 Be8 26. Nd3 b6 27. h6 g5 28. Kb3 e5 29.
f3 Bf7+ 30. Kc2 Bg6 31. c4 Rd8 32. Rd1 Kc7 33. Kc3 Rxd3+ 34. Rxd3 Bxd3 35. Kxd3 f5 36. g4 e4+ 37. Ke3 exf3 38. gxf5 g4 0-1

[Event "*** SCC Grand Prix: Titled Tuesday Blitz"]
[Site "Chess.com"]
[Date "2020.07.14"]
[Round "9"]
[White "FlamingPhoenix123"]
[Black "Anton_Demchenko"]
[Result "0-1"]
[WhiteElo "2433"]
[BlackElo "2791"]
[TimeControl "180+1"]
[EndTime "11:47:00 PDT"]
[Termination "Anton_Demchenko won on time"]

1. e4 c5 2. Nf3 Nc6 3. d4 cxd4 4.
Nxd4 Nf6 5. Nc3 d6 6. Bg5 e6 7. Qd2 a6 8. O-O-O Be7 9. f4 Bd7 10.
Nf3 b5 11. Bxf6 gxf6 12. Kb1 b4 13. Ne2 h5 14. Ned4 Qb6 15. Bc4 Na5 16. Bd3 Nb7 17.
Rhf1 Nc5 18. e5 dxe5 19. fxe5 f5 20. Nb3 Rd8 21. Nxc5 Bxc5 22. Qg5 Be7 23. Qg7 Rf8 24. Ng5 Bxg5 25. Qxg5 Qc5 26. Qf6 Qe7 27. Bxa6 Qxf6 28.
exf6 Bc6 29. Rxd8+ Kxd8 30. g3 h4 31. a3 bxa3 32.
b4 hxg3 33. hxg3 Rg8 34. b5 Bd5 35. b6 Kd7 36. c4 Be4+ 37. Ka1 Kc6 38. b7 Kb6 39.
Bb5 Kxb7 40. Rg1 Kb6 41. Ka2 Kc5 42. Kxa3 f4 43. g4 f3 0-1

[Event "*** SCC Grand Prix: Titled Tuesday Blitz"]
[Site "Chess.com"]
[Date "2020.07.14"]
[Round "9"]
[White "floplover"]
[Black "TokChess"]
[Result "0-1"]
[WhiteElo "2269"]
[BlackElo "2444"]
[TimeControl "180+1"]
[EndTime "11:47:00 PDT"]
[Termination "TokChess won on time"]

1. d4 e6 2. c4 Nf6 3. Nc3 Bb4 4.
Qc2 d5 5. cxd5 exd5 6. Bg5 O-O 7. e3 c6 8. Bd3 g6 9. h4 Be7 10. Nh3 Nh5 11. Bh6 Re8 12. Nf4 Nxf4 13. Bxf4 Bxh4 14. O-O-O Nd7 15. Rh2 Bg5 16. Rdh1 Nf8 17. Be5 Bf6 18. Rxh7 Bxe5 19. dxe5 Nxh7 20. Bxg6 Nf8 21. Bh7+ Kg7 22. Bd3 Qg5 23. f4 Qg3 24. Ne2 Qxe3+ 25. Kb1 Bg4 26. Nc3 Ng6 27. a3 Rh8 28. Rf1 Nxf4 29. Bf5 Bh5 0-1

[Event "*** SCC Grand Prix: Titled Tuesday Blitz"]
[Site "Chess.com"]
[Date "2020.07.14"]
[Round "9"]
[White "Natalya_Buksa"]
[Black "bocah_sakit"]
[Result "0-1"]
[WhiteElo "2532"]
[BlackElo "2697"]
[TimeControl "180+1"]
[EndTime "11:47:01 PDT"]
[Termination "bocah_sakit won by checkmate"]

1. d4 Nf6 2. Nc3 g6 3. e4 d6 4. Bg5 Bg7 5. e5 Nfd7 6. exd6 cxd6 7. Qd2 Nc6 8. Nf3 O-O 9. h4 Nf6 10. O-O-O Bf5 11. Bh6 Rc8 12. Bxg7 Kxg7 13. Bd3 Bg4 14. Be2 Qa5 15. Kb1 b5 16. d5 Bxf3 17. gxf3 Ne5 18. Nxb5 Qb6 19. Qd4 Rc5 20. Nc3 Qb7 21. f4 Ned7 22.
h5 Rfc8 23. Rh3 Nb6 24. hxg6 fxg6 25. f5 Nxd5 26. Na4 Rxc2 27. Bd3 Nc3+ 28. Ka1 Nxd1 29. Bxc2 Rxc2 30. Qxd1 Rxf2 31. fxg6 hxg6 32. Qc1 Qd7 33. Qh6+ Kf7 34. Nc3 Rf1+ 35. Nb1 Qf5 36. Rh1 Qxb1# 0-1

[Event "*** SCC Grand Prix: Titled Tuesday Blitz"]
[Site "Chess.com"]
[Date "2020.07.14"]
[Round "9"]
[White "BikingBrian"]
[Black "Ariadna_Atreides"]
[Result "0-1"]
[WhiteElo "2190"]
[BlackElo "2095"]
[TimeControl "180+1"]
[EndTime "11:47:01 PDT"]
[Termination "Ariadna_Atreides won by resignation"]

1. d4 e6 2. e4 d5 3. Nd2 Nf6 4. e5 Nfd7 5. Bd3 c5 6. c3 Nc6 7.
Ne2 f6 8. Nf4 fxe5 9. Qh5+ Ke7 10. Ng6+ hxg6 11. Qxh8 cxd4 12. Qh4+ Kf7 13. Qxd8 Nxd8 14.
cxd4 exd4 15. O-O e5 16. f4 e4 17. Bxe4 dxe4 18. Nxe4 Nf6 19. Ng5+ Kg8 20. Bd2 Bf5 21.
Rac1 b6 22. h3 d3 23. g4 Bc5+ 24. Kg2 Bd7 25. b4 Bd4 26. Rc4 Bb2 27. Rb1 Bc6+ 28. Kg3 Bd5 29. Rc7 Bd4 30. Re1 Nf7 31. Ree7 Nxg5 32. Rxg7+ Kf8 33. fxg5 Ne4+ 34. Kh2 Bxg7 35. Rd7 Be5+ 36. Kg1 Nf6 37. Rxd5 Nxd5 38. h4 Rc8 39. h5 Bc3 40. Bxc3 Nxc3 41. h6 d2 0-1

[Event "*** SCC Grand Prix: Titled Tuesday Blitz"]
[Site "Chess.com"]
[Date "2020.07.14"]
[Round "9"]
[White "francyIM"]
[Black "Lector118"]
[Result "1-0"]
[WhiteElo "2656"]
[BlackElo "2504"]
[TimeControl "180+1"]
[EndTime "11:47:02 PDT"]
[Termination "francyIM won by resignation"]

1. e4 c6 2. Nf3 g6 3. d3 d5 4.
Nbd2 Bg7 5. g3 e5 6. Bg2 Ne7 7. O-O O-O 8. Re1 Qc7 9. b3 h6 10.
Bb2 d4 11. c3 c5 12. Rc1 Nbc6 13. cxd4 cxd4 14. b4 Qb6 15. a3 a5 16. Nc4 Qa6 17. Qb3 a4 18. Qc2 b5 19. Ncd2 Be6 20. Qd1 Rac8 21. h3 Nb8 22. Qe2 Qd6 23. Nh2 g5 24.
Qf1 Ng6 25. Bf3 Nd7 26. Bg4 Nf6 27. Bf5 Bxf5 28. exf5 Ne7 29. Ne4 Nxe4 30. dxe4 Qb6 31. Qd3 f6 32. Nf3 Rxc1 33. Rxc1 Rc8 34. Rxc8+ Nxc8 35. Qc2 Nd6 36. Ne1 Nc4 37. Nd3 Bf8 38. Bc1 Qb7 39. Qe2 Qf7 40. h4 Nd6 41. hxg5 hxg5 42. f3 Qc4 43. g4 Qc3 44. Qd2 Qxd2 45. Bxd2 Nc4 46. Bc1 Kf7 47. Kf2 Bd6 48. Ke2 Ke7 49. Nf2 Kd7 50. Kd3 Kc6 51. Nh1 Bxb4 52. axb4 a3 53. Kc2 a2 54. Bb2 Ne3+ 55. Kb3 d3 56. Nf2 Nc2 57. Nxd3 Ne3 58. Kxa2 Nc4 59. Kb3 Kd6 60.
Bc1 Kc6 61. Nb2 Nb6 62. Nd1 Kd6 63. Nc3 Nc8 64. Nxb5+ 1-0

[Event "*** SCC Grand Prix: Titled Tuesday Blitz"]
[Site "Chess.com"]
[Date "2020.07.14"]
[Round "9"]
[White "Orest_Vovk"]
[Black "maciek_92"]
[Result "0-1"]
[WhiteElo "2433"]
[BlackElo "2616"]
[TimeControl "180+1"]
[EndTime "11:47:03 PDT"]
[Termination "maciek_92 won by checkmate"]

1. h4 d5 2. h5 Nc6 3. e4 dxe4 4. Nc3 Nf6 5. Rh4 Nd4 6. Nxe4 Nxe4 7. Rxe4 Bf5 8. d3 Bxe4 9. dxe4 e5 10. c3 Ne6 11.
Qb3 Nc5 12. Qc4 c6 13. a4 a5 14. Be3 Ne6 15. Nf3 Qc7 16. O-O-O Be7 17. h6 g6 18.
g3 Rd8 19. Rxd8+ Nxd8 20. Qb3 Ne6 21. Bc4 Qd6 22. Qxb7 O-O 23. Nxe5 Nd8 24. Nxf7 Nxf7 25. f4 Rd8 26. Kb1 Qd7 27. Qb6 Qd1+ 28. Bc1 Qxa4 29.
Ba2 Qxe4+ 30. Ka1 Kf8 31. Qb3 Qd5 32. Qc2 Qd1 33. Qe4 Qxc1+ 34. Bb1 Rb8 35. Qe6 Qxb2# 0-1

[Event "*** SCC Grand Prix: Titled Tuesday Blitz"]
[Site "Chess.com"]
[Date "2020.07.14"]
[Round "9"]
[White "vanImpe"]
[Black "malandragem"]
[Result "1-0"]
[WhiteElo "2507"]
[BlackElo "2351"]
[TimeControl "180+1"]
[EndTime "11:47:03 PDT"]
[Termination "vanImpe won on time"]

1. g3 Nf6 2. Bg2 c5 3. c4 e5 4. Nc3 Nc6 5. a3 Be7 6. Nf3 d6 7. O-O O-O 8. Ne1 Be6 9. Nd5 Ne8 10. Nc2 f5 11. d3 Bg5 12. e3 Bh6 13. b4 b6 14. b5 Na5 15. Bd2 Nb7 16. f4 Rb8 17. a4 Nf6 18. Bc3 Bxd5 19. cxd5 Nd7 20. Bh3 g6 21. e4 exf4 22. gxf4 Qh4 23. Qf3 Nf6 24. exf5 Nh5 25. fxg6 hxg6 26. Be6+ Kh7 27. f5 g5 28. f6 Nd8 29. Qe4+ Kh8 30. Qxh4 gxh4 31. Rae1 Nf7 32. Ne3 Ng5 33. Nf5 Kh7 34. Nxh6 Kxh6 35. Rf5 Nh7 36. f7 Kg6 37. Kh1 1-0

[Event "*** SCC Grand Prix: Titled Tuesday Blitz"]
[Site "Chess.com"]
[Date "2020.07.14"]
[Round "9"]
[White "nocnypako"]
[Black "Slovak_fighter2000"]
[Result "1-0"]
[WhiteElo "2595"]
[BlackElo "2442"]
[TimeControl "180+1"]
[EndTime "11:47:04 PDT"]
[Termination "nocnypako won by resignation"]

1. d4 Nf6 2. c4 g6 3. Nc3 d6 4. e4 Bg7 5. Nf3 O-O 6. Be2 Bg4 7. O-O Nfd7 8. Be3 Nc6 9. d5 Bxf3 10. Bxf3 Na5 11.
Be2 Bxc3 12. bxc3 e5 13. f4 exf4 14. Bxf4 Qe7 15. Qd4 f6 16. Bg4 Kg7 17. Bxd7 Qxd7 18. c5 b6 19. c6 Qe7 20. Rae1 Rae8 21. g4 Kg8 22. Kg2 g5 23. Bg3 Kg7 24. Rf5 h6 25. h4 Kg6 26. Kf3 Qd8 27. Ke3 Qc8 28. Ref1 Qd8 29. Kd3 Rf7 30. Kc2 b5 31. Qd3 Nc4 32.
e5 Kg7 33. e6 Rff8 34. h5 a6 35.
R5f3 f5 36. Rxf5 Rxf5 37. Rxf5 Rf8 38. Rf7+ Rxf7 39. Qg6+ Kh8 40. exf7 Qf8 41. Qf6+ Kh7 42. Kd3 Ne5+ 43. Bxe5 dxe5 44. Qxe5 Qxf7 45. Qf5+ Qxf5+ 46. gxf5 Kg7 47. d6 1-0

[Event "*** SCC Grand Prix: Titled Tuesday Blitz"]
[Site "Chess.com"]
[Date "2020.07.14"]
[Round "9"]
[White "bmt011"]
[Black "awesomevishesh"]
[Result "0-1"]
[WhiteElo "2126"]
[BlackElo "2333"]
[TimeControl "180+1"]
[EndTime "11:47:04 PDT"]
[Termination "awesomevishesh won on time"]

1. d4 Nf6 2. Bf4 g6 3. Nf3 Bg7 4. h3 O-O 5. e3 c5 6. c3 cxd4 7. exd4 d6 8. Bc4 Qc7 9. Qe2 Nc6 10. O-O Na5 11. Nbd2 Nxc4 12. Nxc4 Be6 13. Nfd2 Nd5 14. Bg5 h6 15. Bh4 Nf4 16. Qf3 g5 17.
Ne3 f5 18. d5 Bd7 19. Bg3 Ng6 20. Qh5 Be8 21. Bh2 Nh4 22. Qe2 f4 23. Ng4 h5 24.
Qe6+ Kh7 25. g3 Bf7 26. Qe2 f3 27. Qd3+ Bg6 28. Qe3 Nf5 29. Qxg5 hxg4 0-1

[Event "*** SCC Grand Prix: Titled Tuesday Blitz"]
[Site "Chess.com"]
[Date "2020.07.14"]
[Round "9"]
[White "AlexSuv"]
[Black "Ave_Mariia"]
[Result "1-0"]
[WhiteElo "2533"]
[BlackElo "2374"]
[TimeControl "180+1"]
[EndTime "11:47:05 PDT"]
[Termination "AlexSuv won on time"]

1. d4 Nf6 2. c4 g6 3. Nc3 Bg7 4. e4 d6 5. Nf3 O-O 6. Be2 e5 7. Be3 Ng4 8. Bg5 f6 9. Bh4 g5 10. Bg3 Nh6 11. dxe5 dxe5 12. Qc2 c6 13. Nd2 Nd7 14. O-O-O Qe7 15. Kb1 Nc5 16. f3 Ne6 17. Nb3 Nd4 18. Nxd4 exd4 19. Rxd4 f5 20. Bd6 Qe6 21.
Bxf8 Bxd4 22. Bxh6 Qxh6 23. exf5 Qf6 24. g4 Bxc3 25. Qxc3 Qxc3 26. bxc3 Kg7 27. Rd1 b6 28. Rd6 c5 29. Bd3 Ba6 30. f6+ Kg8 31. Rd7 Rf8 32.
Rg7+ Kh8 33. Rxh7+ Kg8 34. Rxa7 Bc8 35. Rg7+ Kh8 36.
Rxg5 Rxf6 37. Bf5 Bb7 38. Rh5+ Kg8 39. f4 Rd6 40. Kc2 Bf3 41. Bd3 Bd1+ 42. Kxd1 Rxd3+ 43. Kc2 Rf3 44. Rh6 Rxf4 45. Rxb6 Rxg4 46. Rh6 Rxc4 47.
Kb3 Rg4 48. Rh5 c4+ 49. Kb4 Rg2 50. a4 1-0

[Event "*** SCC Grand Prix: Titled Tuesday Blitz"]
[Site "Chess.com"]
[Date "2020.07.14"]
[Round "9"]
[White "Batsai"]
[Black "politeplayer"]
[Result "1-0"]
[WhiteElo "2377"]
[BlackElo "2208"]
[TimeControl "180+1"]
[EndTime "11:47:05 PDT"]
[Termination "Batsai won by resignation"]

1. d4 Nf6 2. c4 c5 3. d5 e6 4. Nc3 exd5 5. cxd5 d6 6. e4 g6 7. f4 Bg7 8. Bb5+ Nfd7 9. Nf3 a6 10. Bd3 b5 11. O-O c4 12. Bc2 Qb6+ 13. Kh1 O-O 14. f5 Ne5 15. Bg5 Nbd7 16. Nd4 Nc5 17. f6 Bh8 18. Nce2 Bg4 19. h3 Bxe2 20. Qxe2 Ncd3 21. Ne6 Rfe8 22. Be3 Qb7 23. Ng5 Nxb2 24. Qf2 h6 25.
Nf3 Bxf6 26. Bxh6 Nbd3 27. Qg3 Nxf3 28. gxf3 Bxa1 29. Rxa1 Qe7 30. Rg1 Rac8 31. Bg5 Qe5 32. Qh4 Rc7 33. Bf6 Qh5 34. Qxh5 1-0

[Event "*** SCC Grand Prix: Titled Tuesday Blitz"]
[Site "Chess.com"]
[Date "2020.07.14"]
[Round "9"]
[White "Michaelson_11"]
[Black "UKR_Master"]
[Result "0-1"]
[WhiteElo "2124"]
[BlackElo "2329"]
[TimeControl "180+1"]
[EndTime "11:47:05 PDT"]
[Termination "UKR_Master won by checkmate"]

1. e4 c6 2. d4 g6 3. Nd2 Bg7 4. c3 d5 5. Bd3 dxe4 6. Nxe4 Nd7 7. Nf3 Ngf6 8. O-O Nxe4 9. Bxe4 Nf6 10. Bc2 O-O 11. h3 b6 12. Bg5 Bb7 13. Re1 Rc8 14. c4 h6 15. Bh4 Qd6 16. Bg3 Qb4 17. b3 Nh5 18. a3 Qa5 19. Rxe7 Nxg3 20. fxg3 Ba8 21.
Qd3 c5 22. Rae1 cxd4 23. b4 Qa6 24. b5 Qa5 25. Qd2 Qxd2 26. Nxd2 d3 27. Bb3 Bd4+ 28. Kh2 Bc5 29. Rxa7 Rce8 30. Rxe8 Rxe8 31. Bd1 Kg7 32. Nb3 Bf2 33. h4 h5 34. Rd7 Re3 35. a4 Bxg3+ 36. Kh3 Be5+ 37. Bf3 Re1 38. g3 Bxf3 39. Nd2 Rh1# 0-1

[Event "*** SCC Grand Prix: Titled Tuesday Blitz"]
[Site "Chess.com"]
[Date "2020.07.14"]
[Round "9"]
[White "Batica1984"]
[Black "WIDBIFS"]
[Result "1-0"]
[WhiteElo "2879"]
[BlackElo "2743"]
[TimeControl "180+1"]
[EndTime "11:47:06 PDT"]
[Termination "Batica1984 won on time"]

1. e4 g6 2. d4 Bg7 3. Nc3 c6 4. h3 d6 5. f4 Nf6 6. Nf3 O-O 7. Be3 Nbd7 8. e5 Nd5 9. Nxd5 cxd5 10. Qd2 f5 11. h4 h5 12. Rh3 Bh6 13. Rg3 Kh7 14.
Ng5+ Bxg5 15. Rxg5 Nb6 16. b3 Be6 17. Bd3 Qe8 18. g4 hxg4 19. h5 gxh5 20. Qh2 Kh6 21. O-O-O Rg8 22. Bxf5 Bxf5 23. Rxf5 Qg6 24. Rf6 exf6 25.
f5+ Qg5 26. Bxg5+ Rxg5 27. e6 Rxf5 28. Qxd6 Kg6 29. Re1 Re8 30. e7 Nc8 31. Qd7 Rxe7 32. Rxe7 Nxe7 33. Qxe7 Kg5 34. Qxb7 Kf4 35. Qc7+ Kf3 36.
Qd7 Kf4 37. c4 dxc4 38. d5 cxb3 39. d6 bxa2 40. Kb2 g3 41. Qc7 g2 42. d7+ Kg4 43.
Qc4+ Rf4 44. Qg8+ Kf3 45. d8=Q 1-0

[Event "*** SCC Grand Prix: Titled Tuesday Blitz"]
[Site "Chess.com"]
[Date "2020.07.14"]
[Round "9"]
[White "BillieKimbah"]
[Black "Mfcyryd"]
[Result "0-1"]
[WhiteElo "2888"]
[BlackElo "2616"]
[TimeControl "180+1"]
[EndTime "11:47:08 PDT"]
[Termination "Mfcyryd won on time"]

1. d4 Nf6 2. Nf3 e6 3. Bg5 b6 4. e4 Bb7 5. Bd3 h6 6. Bxf6 gxf6 7. O-O h5 8. c4 h4 9. h3 Nc6 10. Nc3 Bd6 11. Re1 Bf4 12. a3 Ne7 13. Ne2 Ng6 14. d5 Qe7 15. b4 a5 16. Rb1 Be5 17. Qd2 axb4 18. axb4 Kf8 19. Rf1 Kg7 20. Ne1 c6 21.
Nf3 cxd5 22. cxd5 Qd6 23. Rfd1 Ra4 24. Bb5 Ra3 25. Nxe5 Qxe5 26. f3 exd5 27. exd5 Rc8 28. Bxd7 Rd8 29. f4 Qe4 30. Nc3 Rxc3 31. Qxc3 Bxd5 32.
Rxd5 Qxd5 33. Bg4 Nxf4 34. Bf3 Qg5 35. Kh1 Qg3 36. Rf1 Nxg2 37. Qb2 Qxh3+ 38. Kg1 Ne3 0-1

[Event "*** SCC Grand Prix: Titled Tuesday Blitz"]
[Site "Chess.com"]
[Date "2020.07.14"]
[Round "9"]
[White "TheCount"]
[Black "UCantHandleDenker"]
[Result "0-1"]
[WhiteElo "2690"]
[BlackElo "2550"]
[TimeControl "180+1"]
[EndTime "11:47:08 PDT"]
[Termination "UCantHandleDenker won on time"]

1. d4 Nf6 2. c4 g6 3. Nc3 Bg7 4. e4 d6 5. Be2 O-O 6. Bg5 h6 7. Bh4 c5 8. d5 e6 9. Nf3 exd5 10. cxd5 Bg4 11. Nd2 Bxe2 12. Qxe2 a6 13. a4 Re8 14. O-O Nbd7 15. f4 Qc7 16. h3 Rab8 17. a5 b5 18.
axb6 Rxb6 19. Nc4 Rb4 20. Rxa6 Bf8 21. e5 Nh5 22. exd6 Qb8 23. Be7 Ng3 24. Qg4 Nxf1 25. Qxd7 Rxc4 26. Rb6 Qa8 27. Ra6 Qb8 28. Rb6 Qa8 29.
Kxf1 Rxf4+ 30. Kg1 Qa1+ 31. Kh2 Rf1 32. Ne4 Rh1+ 33. Kg3 Qe1+ 34. Kf4 Rf1+ 0-1

[Event "*** SCC Grand Prix: Titled Tuesday Blitz"]
[Site "Chess.com"]
[Date "2020.07.14"]
[Round "9"]
[White "Mbneu"]
[Black "ferdipy"]
[Result "1-0"]
[WhiteElo "2237"]
[BlackElo "2332"]
[TimeControl "180+1"]
[EndTime "11:47:09 PDT"]
[Termination "Mbneu won by resignation"]

1. d4 e5 2. Nf3 d6 3. dxe5 Nc6 4.
e4 Bg4 5. Be2 dxe5 6. Qxd8+ Rxd8 7. c3 a5 8. Be3 Nf6 9. Nbd2 Be7 10. h3 Bh5 11. Nh2 Bxe2 12. Kxe2 O-O 13. Rhd1 Rd7 14.
f3 Rfd8 15. Ndf1 h5 16. Rxd7 Rxd7 17. Rd1 Rxd1 18. Kxd1 Kf8 19. Bg5 Ke8 20. Ne3 g6 21. Nhf1 Kd7 22. Nd2 a4 23. Kc2 Ke6 24. Bxf6 Bxf6 25.
Nd5 Bd8 26. b4 axb3+ 27. axb3 Nb8 28. Nc4 Nd7 29. b4 b5 30. Na5 Kd6 31. Nb7+ Ke6 32. Nxd8+ Kd6 33. Nxf7+ Ke6 34. Ng5+ Kd6 35. h4 c6 36. Ne3 Nf6 37. g3 Nd7 38. f4 exf4 39. gxf4 Nb6 40. Kd3 Na4 41. e5+ Ke7 42. Kd4 Kd7 43.
f5 gxf5 44. Nxf5 Nb6 45. e6+ Ke8 46. Ng7+ Ke7 47. Nxh5 Nd5 48. Ng3 Nf4 49. Nf5+ Ke8 50. Ke5 Nd3+ 51. Kf6 Kd8 52. e7+ Kd7 53. Ng7 1-0

[Event "*** SCC Grand Prix: Titled Tuesday Blitz"]
[Site "Chess.com"]
[Date "2020.07.14"]
[Round "9"]
[White "Sueetin"]
[Black "PawnEatingZombie"]
[Result "0-1"]
[WhiteElo "2325"]
[BlackElo "2233"]
[TimeControl "180+1"]
[EndTime "11:47:09 PDT"]
[Termination "PawnEatingZombie won on time"]

1. d4 d5 2. Nf3 e6 3. c4 dxc4 4. e3 b5 5. a4 c6 6. axb5 cxb5 7. b3 Bb4+ 8. Bd2 Bxd2+ 9. Nbxd2 a5 10. bxc4 b4 11.
Bd3 Nf6 12. O-O O-O 13. Nb3 Nbd7 14. c5 Bb7 15. Bb5 Qc7 16. c6 Bxc6 17. Bxc6 Qxc6 18. Nxa5 Qb5 19. Nb3 Ra3 20. Nfd2 Rfa8 21. Rc1 Nd5 22. Qf3 Nc3 23. Rfe1 h6 24. h3 Ra2 25. e4 Rb2 26.
d5 Ne5 27. Qg3 Nd3 28. dxe6 fxe6 29. Nd4 Nxc1 30. Qg6 Qd7 31. N2f3 N1e2+ 32. Kh1 Nxd4 33. Nxd4 Qxd4 34. Qxe6+ Kh8 35. Qf7 Qxf2 0-1